 Dungeon Crawl Stone Soup version 0.31-a0-664-g902f515a81 (webtiles) character file.

Game seed: 5223898184474318366

3766 night the Fighter (level 9, -10/67 HPs)
             Began as a Demonspawn Shapeshifter on Aug 29, 2023.
             Was an Initiate of Gozag.
             Mangled by a death yak (23 damage)
             ... on level 8 of the Dungeon on Sept 2, 2023.
             The game lasted 00:19:20 (7497 turns).

night the Fighter (Demonspawn Shapeshifter)         Turns: 7497, Time: 00:19:21

Health: -10/67     AC:  9    Str: 16    XL:     9   Next: 94%
Magic:  9/9        EV: 10    Int: 13    God:    Gozag
Gold:   302        SH:  0    Dex: 14    Spells: 8/8 levels left

rFire   . .          .
                       - Unarmed
rCold   . . .        (no shield)
rNeg    . . .        K - +3 scale mail
rPois   +            u - melded +0 helmet
rElec   .            (cloak currently unavailable)
rCorr   .            p - melded +1 Delatra's gloves {ID++}
SInv    .            (boots currently unavailable)
Will    .....        (no amulet) Stlth
                     A - ring of poison resistance
HPRegen 1.31/turn    (no ring)
MPRegen 0.11/turn

%: no passive effects
@: beast-form, gold aura
A: beast (slay +4), demonic guardian 2, powered by death 1, sturdy frame 1,
demonic touch 1, beak, frail 1, evolution 1
a: Begin Untransformation, Renounce Religion, Potion Petition, Call Merchant,
Bribe Branch


You were on level 8 of the Dungeon.
You worshipped Gozag.
Gozag was aware of your devotion.
You were a hulking beast.
You visited 2 branches of the dungeon, and saw 9 of its levels.

You collected 397 gold pieces.
You paid 95 gold pieces to Gozag.

Inventory:

Hand Weapons
 b - a +1 sling of electrocution
Missiles
 a - 2 poisoned darts
 e - 7 javelins
 h - 67 stones
 z - 3 boomerangs
Armour
 p - the +1 Delatra's gloves (melded) {ID++}
   (You found it on level 2 of the Dungeon)

   ID++:      It heals its wearer when they drink unknown potions, and restores
   their MP when they read unknown scrolls.
 u - a +0 helmet (melded)
 E - a +0 buckler
 H - an orb of mayhem
 K - a +3 scale mail (worn)
Jewellery
 y - a ring of ice
 A - a ring of poison resistance (left hand)
 L - a ring of protection from cold
Talismans
 c - a beast talisman (active)
 d - a flux talisman
 N - a blade talisman
Wands
 t - a wand of iceblast (12)
 G - a wand of flame (18)
 I - a wand of paralysis (14)
Scrolls
 f - 3 scrolls of immolation {unknown}
 i - 3 scrolls of noise {unknown}
 l - 2 scrolls of torment {unknown}
 m - a scroll of enchant armour {unknown}
 n - 4 scrolls of teleportation {unknown}
 o - 9 scrolls of identify {unknown}
 v - 2 scrolls of blinking {unknown}
 C - a scroll of vulnerability {unknown}
 D - 2 scrolls of poison {unknown}
 F - a scroll of fog {unknown}
Potions
 g - a potion of haste {unknown}
 j - 2 potions of curing
 k - 2 potions of resistance {unknown}
 q - 2 potions of attraction
 r - a potion of lignification
 s - a potion of enlightenment {unknown}
 w - 2 potions of mutation
 x - 2 potions of heal wounds {unknown}
 B - a potion of ambrosia {unknown}
 J - a potion of degeneration {unknown}
 M - a potion of invisibility {unknown}


   Skills:
 + Level 8.4 Fighting
 - Level 1.7 Dodging
 + Level 8.0 Unarmed Combat
 + Level 7.4 Shapeshifting


You had 8 spell levels left.
You didn't know any spells.
Your spell library contained the following spells:

 Spells                   Type           Power      Damage    Failure   Level
 Necrotise                Necr           0%         1d4       58%         1
 Sandblast                Erth           0%         2d4       58%         1
 Blink                    Tloc           0%         N/A       73%         2
 Cigotuvi's Dreadful Rot  Necr/Pois/Air  0%         N/A       73%         2
 Lesser Beckoning         Tloc           0%         N/A       73%         2
 Momentum Strike          Conj/Tloc      0%         3d8       73%         2
 Passwall                 Tmut/Erth      0%         N/A       73%         2
 Frozen Ramparts          Ice            0%         1d1       91%         3
 Stone Arrow              Conj/Erth      0%         3d7       91%         3
 Vampiric Draining        Necr           0%         2d6       91%         3
 Animate Armour           Summ/Erth      0%         N/A       100%        4
 Dispel Undead            Necr           0%         3d6       100%        4
 Petrify                  Tmut/Erth      0%         N/A       100%        4
 Summon Lightning Spire   Summ/Air       0%         N/A       100%        4
 Agony                    Necr           0%         N/A       100%        5
 Lee's Rapid Deconstruct  Erth           0%         3d4*      100%        5
 Metabolic Englaciation   Hex/Ice        0%         N/A       100%        5
 Summon Forest            Summ/Tloc      0%         N/A       100%        5
 Summon Mana Viper        Hex/Summ       0%         N/A       100%        5
 Death Channel            Necr           0%         N/A       100%        6
 Summon Cactus Giant      Summ           0%         N/A       100%        6
 Lehudib's Crystal Spear  Conj/Erth      0%         10d2      100%        8


Dungeon Overview and Level Annotations

Branches:
Dungeon (8/15)             Temple (1/1) D:7            Lair (0/5) D:8

Altars:
Ashenzari
Cheibriados
Dithmenos
Fedhas
Gozag
Hepliaklqana
Makhleb
Nemelex Xobeh
Okawaru
Qazlal
Ru
Sif Muna
Trog
Uskayaw
Vehumet
Wu Jian
Xom
Yredelemnul

Annotations:
D:4 2 transporters


Innate Abilities, Weirdness & Mutations

You are a hulking beast.
Your limbs bulge with bestial killing power. (Slay +4)
A demonic guardian rushes to your aid.
You regenerate a little health from kills.
Your movements are slightly less encumbered by armour. (ER -2)
Your touch may inflict minor irresistible damage on your foes.
You have a beak for a mouth.
You are frail. (-10% HP)
You have hidden genetic potential.


Message History

Your life force feels restored.
You now have 302 gold pieces (gained 19).
Found a staircase to the Lair. 2 death yaks and a bullfrog come into view.
The death yak bellows! x2; The bullfrog croaks.
A quokka comes into view.
A river rat comes into view.
A death yak comes into view.
Something hits you.
A demonic guardian appears!
Deactivating autopickup; reactivate with Ctrl-A.
Something hits you.
A river rat comes into view.
Something hits you but does no damage.
You punch something!
You touch something.
You punch something. Something hits you! x2
You punch something! Something hits you.
You barely miss the bullfrog. Something hits you but does no damage.
The river rat twitches its whiskers.
Your orange demon stings the bullfrog from afar.
Your orange demon stings the bullfrog from afar!
The death yak bellows!
You punch something! Your punch misses something. Something hits you.
The death yak gores you!!
* * * LOW HITPOINT WARNING * * *
Your orange demon stings the bullfrog from afar!
The bullfrog dies!
Something hits you.
* * * LOW HITPOINT WARNING * * *
The death yak attacks as it pursues you!
The death yak barely misses you.
Okay, then.
It was a potion of mutation.
You feel extremely strange.
Your mouth lengthens and hardens into a beak!
You feel frail.
You feel a hidden potential growing inside you.
Something hits you.
* * * LOW HITPOINT WARNING * * *
The river rat barely misses your orange demon.
The death yak gores you!!
You die...
Your body crumbles into a pile of gold.

........... ....#
.......... .....
....Y.... .....#
........# .....# ##.#
###.....# #Y.# #.......#
.##.####r########<......#
........Y4...............
..######h#######...######
#.###......##
##.##......##
###..##..##### #........#
#....##.### #.#.##..#
...#....## ### ######


You could see 2 death yaks, a river rat and a friendly orange demon (summoned).

Vanquished Creatures
  Jeremiah (D:7)
  Grinder (D:3)
  A spriggan (D:7)
  A wyvern (D:8)
  A water moccasin (D:6)
  A black bear (D:5)
  3 ice beasts
  2 phantoms
  Blork the orc (D:6)
  2 bullfrogs
  7 wights (D:6)
  6 killer bees
  A howler monkey (D:5)
  A jelly (D:5)
  3 hounds
  An orc priest (D:3)
  Ijyb (D:3)
  3 iguanas
  A sleepcap (D:5)
  A hell rat (D:8)
  6 orc wizards
  Robin (D:3)
  9 adders
  7 gnolls
  2 shadow imps
  2 ufetubi
  3 worms
  5 dart slugs
  30 orcs
  6 endoplasms
  9 giant cockroaches
  7 goblins
  8 hobgoblins
  4 jackals
  6 quokkas
  5 ball pythons
  A bat (D:3)
  4 frilled lizards
  11 kobolds
  5 rats
  A butterfly (D:3)
171 creatures vanquished.

Vanquished Creatures (collateral kills)
  Maggie (D:6)
  A water moccasin (D:5)
  An orc warrior (D:7)
  A bullfrog (D:8)
  3 killer bees (D:7)
  An iguana (D:5)
  2 gnolls (D:2)
  A white imp (D:5)
11 creatures vanquished.

Grand Total: 182 creatures vanquished

Notes
Turn   | Place    | Note
-------+----------+-------------------------------------------
     0 | D:1      | night the Demonspawn Shapeshifter began the quest for the
                  | Orb.
     0 | D:1      | Reached XP level 1. HP: 15/15 MP: 1/1
   200 | D:1      | Gained mutation: A weak demonic guardian rushes to your
                  | aid. [demonic ancestry]
   200 | D:1      | Reached XP level 2. HP: 21/21 MP: 2/2
   507 | D:1      | Upgraded the game from 0.31-a0-654-gbe3e110b4e to
                  | 0.31-a0-664-g902f515a81
  1062 | D:2      | Gained mutation: Your touch may inflict minor irresistible
                  | damage on your foes. [demonic ancestry]
  1062 | D:2      | Reached XP level 3. HP: 17/27 MP: 3/3
  1065 | D:2      | Reached skill level 2 in Fighting
  1321 | D:2      | Found the +1 Delatra's gloves {ID++}
  1514 | D:2      | Reached XP level 4. HP: 19/34 MP: 4/4
  2083 | D:3      | Noticed Ijyb
  2084 | D:3      | Noticed Robin
  2233 | D:3      | Killed Ijyb
  2254 | D:3      | Killed Robin
  2255 | D:3      | Gained mutation: You regenerate a little health from kills.
                  | [demonic ancestry]
  2255 | D:3      | Reached XP level 5. HP: 36/40 MP: 5/5
  2363 | D:3      | Noticed Grinder
  2376 | D:3      | Paralysed by Grinder for 5 turns
  2382 | D:3      | Killed Grinder
  2383 | D:3      | Reached XP level 6. HP: 30/48 MP: 6/6
  2494 | D:3      | Found a blossoming altar of Fedhas.
  2542 | D:3      | Found a hazy altar of Hepliaklqana.
  2543 | D:3      | Found a shimmering blue altar of Sif Muna.
  2709 | D:3      | Found a bloodstained altar of Trog.
  2987 | D:4      | Found a transporter.
  2997 | D:4      | Found a transporter.
  3414 | D:4      | Gained mutation: A demonic guardian rushes to your aid.
                  | [demonic ancestry]
  3414 | D:4      | Reached XP level 7. HP: 54/54 MP: 7/7
  3599 | D:4      | Found a hide-covered altar of Uskayaw.
  3650 | D:5      | Entered Level 5 of the Dungeon
  3948 | D:5      | Reached skill level 5 in Unarmed Combat
  4023 | D:5      | Reached skill level 5 in Fighting
  4027 | D:5      | Reached skill level 5 in Shapeshifting
  4165 | D:5      | Gained mutation: Your movements are slightly less
                  | encumbered by armour. (ER -2) [demonic ancestry]
  4165 | D:5      | Reached XP level 8. HP: 17/62 MP: 8/8
  5079 | D:6      | Noticed Maggie
  5096 | D:6      | Killed Maggie
  5097 | D:6      | Reached XP level 9. HP: 39/71 MP: 9/9
  5411 | D:6      | Noticed Blork the orc
  5417 | D:6      | Killed Blork the orc
  5980 | D:7      | HP: 6/72 [orc warrior/+0 glaive (19)]
  6281 | D:7      | Found a staircase to the Ecumenical Temple.
  6293 | Temple   | Entered the Ecumenical Temple
  6329 | Temple   | Became a worshipper of Gozag Ym Sagoz the Greedy
  6376 | D:7      | Noticed Jeremiah
  6388 | D:7      | Killed Jeremiah
  7485 | D:8      | Found a staircase to the Lair.
  7486 | D:8      | Noticed a death yak
  7486 | D:8      | Noticed a death yak
  7486 | D:8      | Noticed a death yak
  7497 | D:8      | Gained mutation: You have a beak for a mouth. [potion of
                  | mutation]
  7497 | D:8      | Gained mutation: You are frail. (-10% HP) [potion of
                  | mutation]
  7497 | D:8      | Gained mutation: You have hidden genetic potential. [potion
                  | of mutation]
  7497 | D:8      | Mangled by a death yak

Illustrated notes

Levels and vault maps discovered:
D:1:      psy_arrival_basics, layout_loops_corners, minmay_statues_item
D:2:      minmay_kobold_bridge, layout_loops_ring, dk_noncrumbling_3
D:3:      layout_loops_ring, fedhas_altar_3, mainiacjoe_overflow_brackets,
          nicolae_elyvilon_peaceful_grove, gammafunk_temple_overflow_statue,
          serial_bayou_pond_e, nicolae_goblin_pals, uniq_grinder
D:4:      gammafunk_steamed_eel, layout_loops_cross,
          grunt_temple_overflow_diamond, minmay_starry_boxes
D:5:      layout_rooms, gup_sewer_entry_spiral, minmay_misc_feat_five,
          kennysheep_diamond
D:6:      layout_gridville, fountainhead, uniq_maggie, uniq_blork_the_orc
D:7:      layout_layer_cave, minmay_temple_entry_statues_pillars, the_hattery,
          uniq_jeremiah
D:8:      layout_rooms, dpeg_lair_monsters, st_stairs_8
Temple:   nicolae_temple_figure_eight

Skill      XL: |  1  2  3  4  5  6  7  8  9 |
---------------+----------------------------+-----
Unarmed Combat | 3 4 5 6 8 |  8.0
Shapeshifting  | 3 4 5 6 7 |  7.4
Fighting       | 2 3 4 5 6 8 |  8.4
Dodging        | |  1.7

Action                     |  1- 3 |  4- 6 |  7- 9 || total
---------------------------+-------+-------+-------++-------
  Melee: Unarmed           |   132 |   149 |   258 ||   539
         Punch             |     3 |     4 |    13 ||    20
         Touch             |    10 |    19 |    55 ||    84
   Fire: Sling             |       |     5 |     7 ||    12
Ability: Begin Untransform |     1 |     1 |       ||     2
  Evoke: Wand              |       |       |     5 ||     5
    Use: Potion            |       |       |     4 ||     4
   Stab: Distracted        |     1 |     1 |     1 ||     3
 Armour: Animal skin       |     1 |       |       ||     1
         Scale mail        |    73 |   100 |   178 ||   351
  Dodge: Dodged            |    60 |    57 |   111 ||   228
   Form: Beast             |     1 |     1 |       ||     2

Table legend: (Time is in decaauts)
 A = Elapsed time spent in this place.
 B = Non-inter-level travel time spent in this place.
 C = Inter-level travel time spent in this place.
 D = Time resting spent in this place.
 E = Time spent auto-exploring this place.
 F = Levels seen in this place.
 G = Mean time per level.
                   A        B        C        D        E       F      G
               +--------+--------+--------+--------+--------+-----+--------+
         Total |   7492 |   7217 |    275 |    289 |   5564 |   9 |  832.4 |
       Dungeon |   7438 |   7216 |    222 |    289 |   5564 |   8 |  929.8 |
        Temple |     54 |      1 |     53 |      0 |      0 |   1 |   54.0 |
               +--------+--------+--------+--------+--------+-----+--------+

Top non-repeatable levels by time:
     D:7: 1523 daAuts
     D:2: 1080 daAuts
     D:5: 1062 daAuts
     D:1: 1016 daAuts
     D:6: 1005 daAuts
     D:3: 802 daAuts
     D:4: 734 daAuts
     D:8: 213 daAuts
  Temple: 54 daAuts
